Map: Central Protocol

Players

Ducky

  • Race: Terran Terran
  • League: Bronze

juhyg - Winner!

  • Race: Zerg Zerg
  • League: Bronze

VOD

Have the link to the VOD?

Description

Time

  • Played on: Nov. 19, 2015, 9:25 p.m.
  • Length: 6:34
Show
View Real Time Build Order
Export as new Build Order

Ducky Terran 

Build Orders:  

Get SALT Encoding   

  12  0:01  SCV  
  13  0:13  SCV  
  14  0:18  Supply Depot  
  14  0:25  SCV  
  15  0:40  SCV  
  16  0:45  Barracks  
  16  0:49  Refinery  
  16  0:52  SCV  
  17  1:06  SCV  
  18  1:18  SCV  
  19  1:30  SCV  
  20  1:39  Refinery, Reaper  
  21  1:43  SCV  
  22  1:50  Supply Depot  
  22  1:55  Orbital Command  
  22  2:07  Command Center  
  22  2:18  Barracks Reactor  
  22  2:20  SCV  
  23  2:28  Factory  
  23  2:32  SCV  
  24  2:44  SCV  
  25  2:53  Barracks  
  25  2:55  Marine x2  
  25  2:56  SCV  
  28  3:08  SCV  
  29  3:13  Marine x2  
  29  3:14  Starport  
  30  3:29  SCV  
  31  3:41  Barracks Tech Lab, SCV  
  31  3:42  Barracks Reactor  
  32  3:50  Starport Reactor, Barracks  
  32  3:54  SCV  
  33  4:06  Orbital Command, SCV  
  33  4:09  Marauder  
  36  4:11  Combat Shields  
  36  4:17  Engineering Bay  
  36  4:18  SCV  
  36  4:24  Engineering Bay  
  37  4:26  Marine x2, Engineering Bay  
  37  4:30  Marauder, SCV  
  42  4:32  SCV  
  42  4:36  Medivac  
  45  4:42  SCV  
  46  4:57  Barracks Reactor  
  46  5:01  Supply Depot  
  46  5:09  Supply Depot  
  46  5:11  Supply Depot  
  46  5:22  Medivac, Marine x2  
  46  5:23  Marauder, SCV x2  
  54  5:32  Medivac  
  54  5:35  SCV x2  
  58  5:40  Marine x4  
  62  5:44  Marauder  
  64  5:55  Supply Depot  
  64  5:56  Supply Depot  
  64  5:58  Marine x4  
  59  6:07  Marauder  
  65  6:16  Marine x3  
Show
View Real Time Build Order
Export as new Build Order

juhyg Zerg - Winner!

Build Orders: Pool Only 

Get SALT Encoding   

  12  0:18  Spawning Pool  
  11  0:22  Drone  
  12  0:31  Overlord  
  12  0:39  Drone  
  13  0:45  Overlord  
  13  0:54  Overlord  
  13  0:59  Drone  
  13  1:04  Extractor  
  13  1:13  Queen  
  13  1:18  Drone  
  16  1:22  Drone  
  17  1:35  Extractor  
  17  1:37  Drone  
  17  1:38  Drone  
  18  1:50  Roach Warren  
  17  2:06  Drone x2  
  19  2:34  Roach x3  
  25  2:41  Queen  
  27  3:00  Roach x2  
  27  3:03  Roach  
  27  3:04  Roach  
  27  3:05  Roach  
  37  3:16  Overlord  
  37  3:35  Drone x2  
  37  3:40  Drone x3  
  42  3:57  Roach x2  
  42  4:02  Lair  
  46  4:08  Overlord  
  46  4:10  Overlord  
  46  4:36  Roach x3  
  52  4:57  Roach x3  
  58  5:05  Ravager x4  
  62  5:13  Overlord x2  
  62  5:37  Roach x2  
  62  5:38  Roach x2  
  62  5:39  Ravager  
  71  6:14  Roach x3  
Tags
 
Add a new tag
Caveats
  • Supply blocks, unpowered buildings, or Contaminate may cause inaccurate times.
  • Supply counts are checked every 10 seconds.